 Dungeon Crawl Stone Soup version 0.18.1-50-g88ac8fd (webtiles) character file.

4323 0gre the Blocker (level 10, 0/63 HPs)
             Began as a Gargoyle Fighter on Jan 20, 2017.
             Was a Believer of the Shining One.
             Slain by an orc warrior
             ... wielding a +0 halberd
              (10 damage)
             ... on level 9 of the Dungeon.
             The game lasted 00:40:50 (6259 turns).

0gre the Blocker (Gargoyle Fighter)                 Turns: 6259, Time: 00:40:50

Health: 0/63       AC: 20    Str: 23    XL:     10   Next: 33%
Magic:  11/11      EV:  9    Int:  6    God:    the Shining One [**....]
Gold:   153        SH: 14    Dex: 16    Spells: 0 memorised, 9 levels left

rFire  . . .     SeeInvis .     a - +5 long sword (freeze)
rCold  . . .     Gourm    .     i - +0 chain mail
rNeg   + + .     Faith    .     k - +2 shield
rPois  ∞         Spirit   .     (no helmet)
rElec  +         Dismiss  .     j - +2 cloak
rCorr  +         Reflect  .     (no gloves)
SustAt .         Harm     .     (no boots)
MR     +....                    (no amulet)
Stlth  ..........               (no ring)
                                s - ring of the Cuttlefish {rCorr MR+ Int-3 Dex+7}

@: glowing, somewhat resistant to hostile enchantments, extremely unstealthy
A: negative energy resistance 1, electricity resistance, unbreathing,
petrification resistance, rot immunity, AC +7
a: Divine Shield, Renounce Religion


You were on level 9 of the Dungeon.
You worshipped the Shining One.
The Shining One was pleased with you.
You were full.

You visited 2 branches of the dungeon, and saw 10 of its levels.

You collected 408 gold pieces.
You spent 255 gold pieces at shops.

Inventory:

Hand Weapons
 a - a +5 long sword of freezing (weapon)
 b - a +1 flail
Missiles
 e - a tomahawk (quivered)
 H - 18 bolts
Armour
 i - a +0 chain mail (worn)
 j - a +2 cloak (worn)
 k - a +2 shield (worn)
 C - a +0 scale mail of magic resistance
Jewellery
 s - the ring of the Cuttlefish (left hand) {rCorr MR+ Int-3 Dex+7}
   (You found it on level 4 of the Dungeon)

   [ring of resist corrosion]

   It affects your intelligence (-3).
   It affects your dexterity (+7).
   It affects your resistance to hostile enchantments.
Wands
 g - a wand of digging (0/24)
 h - a wand of paralysis (8/24)
 n - a wand of slowing (9/48)
 o - a wand of paralysis (20/24)
 y - a wand of lightning (3/15)
 A - a wand of confusion (32/48)
 I - a wand of disintegration (6/24)
Scrolls
 r - 2 scrolls of fog
 u - 2 scrolls of teleportation
 v - a scroll of holy word
 z - a scroll of magic mapping
 F - 2 scrolls of blinking
 G - a scroll of remove curse
Potions
 d - 2 potions of heal wounds
 p - 3 potions of mutation
 q - 2 potions of berserk rage
 t - a potion of cancellation
 w - a potion of brilliance
 B - a potion of might
 D - 3 potions of agility
 E - a potion of lignification
Comestibles
 c - 4 chunks of flesh
 f - 5 bread rations
 l - 3 beef jerkies
 m - 3 meat rations
 x - 22 fruits


   Skills:
 + Level 7.5 Fighting
 * Level 1.6 Long Blades
 - Level 7.0 Maces & Flails
 * Level 7.1 Armour
 * Level 3.5 Dodging
 - Level 0.8 Stealth
 + Level 8.9 Shields
 * Level 2.6 Invocations
 * Level 2.5 Evocations


You had 9 spell levels left.
You didn't know any spells.

Dungeon Overview and Level Annotations

Branches:
Dungeon (9/15)             Temple (1/1) D:4
   Lair: D:8-11         Orc: D:9-12

Altars:
Ashenzari
Cheibriados
Dithmenos
Elyvilon
Fedhas
Gozag
Kikubaaqudgha
Makhleb
Nemelex Xobeh
Okawaru
Pakellas
Qazlal
Ru
Trog
Vehumet
Xom
Yredelemnul
The Shining One

Shops:
D:6 *=?!%   D:7 ?[}[   D:8 %


Innate Abilities, Weirdness & Mutations

You are resistant to torment.
Your stone body is resilient (AC +7).
You are immune to poison.
You resist negative energy.
You are resistant to electric shocks.
You can survive without breathing.
You are immune to petrification.
You are immune to rotting.


Message History

* * * LOW HITPOINT WARNING * * *
The gnoll hits you but does no damage. The ice beast misses you.
You hit the ice beast.
You kill the ice beast!
You block the gnoll's attack. The orc warrior barely misses you.
You block the gnoll's attack.
The orc warrior hits you but does no damage.
You block the gnoll's attack.
You see here a scroll of identify.
You slash the gnoll! You freeze the gnoll.
The gnoll is almost dead.
The orc warrior hits you from afar with a halberd.
* * * LOW HITPOINT WARNING * * *
The gnoll hits you with a spear.
* * * LOW HITPOINT WARNING * * *
You hit the gnoll. You freeze the gnoll.
You kill the gnoll!
The orc warrior hits you but does no damage.
The orc warrior hits you from afar with a halberd!
You die...

#............
#............
#............
#............
#............
#>.o.........
#.)).........
#....@)......
#............
#............
#............
#............
#............
#.###########
#.# #.#


You could see an orc warrior.

Vanquished Creatures
  The ghost of GluteusMaximus the Spear-Bearer, a novice MfGl of Zin (D:7)
  The ghost of 0gre the Shield-Bearer, a novice GrFi (D:5)
  Sigmund (D:6)
  A hungry ghost (D:8)
  A water moccasin (D:8)
  An orc warrior (D:7)
  2 ice beasts
  4 sky beasts
  2 phantoms
  2 black bears (D:6)
  4 ogres
  A centaur (D:5)
  A big kobold (D:8)
  3 giant frogs
  A scorpion (D:4)
  7 wights
  A howler monkey (D:5)
  3 crimson imps
  A hound (D:5)
  3 iron imps (D:8)
  A gnoll shaman (D:7)
  An orc priest (D:7)
  Natasha (thrice) (D:3)
  2 iguanas
  Ijyb (D:2)
  3 worker ants
  7 orc wizards
  7 adders
  11 gnolls
  An ooze (D:4)
  An adder zombie (D:6)
  2 adder skeletons
  2 worms
  3 dart slugs
  2 giant geckos
  28 orcs
  7 giant cockroaches
  6 goblins
  11 hobgoblins
  15 jackals
  9 quokkas
  3 ball pythons
  13 bats
  3 giant newts
  A goblin skeleton (D:5)
  7 kobolds
  A quokka skeleton (D:5)
  13 rats
  A plant (D:4)
206 creatures vanquished.

Vanquished Creatures (others)
  A fungus (D:3)
  A plant (D:7)
2 creatures vanquished.

Grand Total: 208 creatures vanquished

Notes
Turn   | Place    | Note
--------------------------------------------------------------
     0 | D:1      | 0gre the Gargoyle Fighter began the quest for the Orb.
     0 | D:1      | Reached XP level 1. HP: 14/14 MP: 1/1
   140 | D:1      | Reached XP level 2. HP: 19/19 MP: 2/2
   322 | D:1      | Reached XP level 3. HP: 21/23 MP: 3/3
   616 | D:2      | Reached skill level 4 in Shields
   879 | D:2      | Reached XP level 4. HP: 29/29 MP: 4/4
  1120 | D:2      | Found a white marble altar of Elyvilon.
  1142 | D:2      | Noticed Ijyb
  1161 | D:2      | Killed Ijyb
  1187 | D:2      | Reached skill level 1 in Dodging
  1502 | D:3      | Reached XP level 5. HP: 29/33 MP: 5/5
  1510 | D:3      | Noticed Natasha
  1518 | D:3      | Killed Natasha
  1526 | D:3      | Found a blossoming altar of Fedhas.
  1603 | D:3      | Noticed Natasha
  1611 | D:3      | Killed Natasha
  1828 | D:3      | Noticed Natasha
  1854 | D:3      | Killed Natasha
  1948 | D:3      | Reached skill level 5 in Shields
  1948 | D:3      | Reached XP level 6. HP: 38/38 MP: 6/6
  2486 | D:4      | Got a bound iron ring
  2487 | D:4      | Identified the ring of the Cuttlefish {rCorr MR+ Int-3 Dex+7} (You found it on level 4 of the Dungeon)
  2507 | D:4      | Found a staircase to the Ecumenical Temple.
  2513 | Temple   | Entered the Ecumenical Temple
  2520 | Temple   | Became a worshipper of the Shining One
  2704 | D:4      | Found a blossoming altar of Fedhas.
  2704 | D:4      | Found a shadowy altar of Dithmenos.
  2704 | D:4      | Found a radiant altar of Vehumet.
  2832 | D:5      | Entered Level 5 of the Dungeon
  2871 | D:5      | Reached XP level 7. HP: 20/44 MP: 7/7
  3105 | D:5      | Noticed 0gre's ghost (novice GrFi)
  3124 | D:5      | Killed 0gre's ghost
  3124 | D:5      | Reached skill level 5 in Fighting
  3124 | D:5      | Reached skill level 5 in Armour
  3124 | D:5      | Reached skill level 6 in Shields
  3124 | D:5      | Reached XP level 8. HP: 38/49 MP: 8/8
  3237 | D:5      | Found a runed door.
  3239 | D:5      | Found a basalt altar of Yredelemnul.
  3370 | D:5      | Reached * piety under the Shining One
  3386 | D:5      | Found a shimmering altar of Xom.
  3748 | D:6      | Reached skill level 5 in Maces & Flails
  3923 | D:6      | Found Ytta's Food Emporium.
  3934 | D:6      | Found Atruro's Magic Scroll Emporium.
  3958 | D:6      | Bought a scroll of identify for 24 gold pieces
  3958 | D:6      | Bought a scroll of identify for 24 gold pieces
  3958 | D:6      | Bought a scroll of identify for 24 gold pieces
  3958 | D:6      | Bought a scroll of identify for 24 gold pieces
  4024 | D:6      | Found Xohekunn's Jewellery Boutique.
  4088 | D:6      | Noticed Sigmund
  4106 | D:6      | Killed Sigmund
  4106 | D:6      | Reached skill level 7 in Shields
  4106 | D:6      | Reached XP level 9. HP: 56/56 MP: 9/9
  4137 | D:6      | Found Agefed Wuu's Distillery.
  4170 | D:6      | Bought a potion of heal wounds for 60 gold pieces
  4170 | D:6      | Bought a potion of heal wounds for 60 gold pieces
  4200 | D:6      | Found Fevic's General Store.
  4400 | D:6      | Found an iron altar of Okawaru.
  4406 | D:6      | Found an opulent altar of Gozag.
  4411 | D:6      | Found a snail-covered altar of Cheibriados.
  4587 | D:7      | Reached skill level 8 in Shields
  4607 | D:7      | Noticed GluteusMaximus's ghost (novice MfGl)
  4622 | D:7      | Killed GluteusMaximus's ghost
  4622 | D:7      | Reached skill level 1 in Invocations
  4622 | D:7      | Reached skill level 1 in Evocations
  4686 | D:7      | Found Xazxez's Antique Armour Emporium.
  4749 | D:7      | Found Tiatus's Magic Scroll Boutique.
  4783 | D:7      | Bought a scroll of remove curse for 39 gold pieces
  4945 | D:7      | Found a basalt altar of Yredelemnul.
  4959 | D:7      | Found Bazimy's Gadget Boutique.
  4974 | D:7      | Found Kuenenea's Antique Armour Shop.
  4978 | D:7      | Reached ** piety under the Shining One
  5086 | D:8      | Reached XP level 10. HP: 61/63 MP: 11/11
  5300 | D:8      | Reached skill level 1 in Long Blades
  5408 | D:8      | Found a blossoming altar of Fedhas.
  5601 | D:8      | Found a burning altar of Makhleb.
  5693 | D:8      | Found Foatifeu's Food Boutique.
  6259 | D:9      | Slain by an orc warrior

Skill      XL: |  1  2  3  4  5  6  7  8  9 10 |
---------------+-------------------------------+-----
Shields        | 4 5 6 7 8 |  8.9
Fighting       | 4 5 6 7 |  7.5
Dodging        | 1 2 3 |  3.5
Armour         | 4 5 6 7 |  7.1
Maces & Flails | 3 4 5 7 |  7.0
Invocations    | 2 |  2.6
Evocations     | 2 |  2.5
Long Blades    | 1 |  1.6
Stealth        | |  0.8

Action                   |  1- 3 |  4- 6 |  7- 9 | 10-12 || total
-------------------------+-------+-------+-------+-------++-------
Melee: Flail             |   147 |   222 |   279 |       ||   648
       Long sword        |       |       |    45 |   103 ||   148
Throw: Tomahawk          |       |       |       |     1 ||     1
Evoke: Wand              |       |       |     4 |     1 ||     5
  Use: Scroll            |     5 |     5 |     9 |     3 ||    22
       Potion            |       |     1 |     2 |       ||     3
 Stab: Paralysed         |       |       |     9 |       ||     9
  Eat: Chunk             |       |     7 |     8 |     1 ||    16
       Bread ration      |       |       |       |     2 ||     2
       Royal jelly       |       |       |       |     1 ||     1
       Pizza             |       |       |       |     1 ||     1
Armor: Scale mail        |    30 |       |       |       ||    30
       Chain mail        |    60 |   115 |   130 |    38 ||   343
Dodge: Dodged            |    43 |    70 |    67 |    29 ||   209
Block: Shield            |    84 |   139 |   195 |    80 ||   498
